 Dungeon Crawl Stone Soup version 0.30-a0-883-g5ad918d77d (webtiles) character file.

Game seed: 11383925394470391510

886 jasper the Grave Robber (level 7, -3/48 HPs)
             Began as a Mummy Necromancer on Mar 16, 2023.
             Slain by Prince Ribbit (18 damage)
             ... on level 5 of the Dungeon.
             The game lasted 00:09:56 (3473 turns).

jasper the Grave Robber (Mummy Necromancer)         Turns: 3473, Time: 00:09:57

Health: -3/48      AC:  3    Str: 17    XL:     7   Next: 77%
Magic:  7/16       EV: 12    Int: 16    God:
Gold:   320        SH:  0    Dex: 13    Spells: 1/18 levels left

rFire   x . .      SeeInvis .    g - +0 rapier
rCold   + . .      Faith    +    (no shield)
rNeg    + + +      Spirit   .    a - +0 robe
rPois   ∞          Reflect  .    (no helmet)
rElec   .          Rampage  .    i - +0 cloak
rCorr   .                        (no gloves)
Will    .....                    (no boots)
Stlth   ++                       j - amulet of magic regeneration
HPRegen 0.28/turn                f - +6 ring of strength
MPRegen 0.55/turn                (no ring)

@: no status effects
A: cold resistance 1, negative energy resistance 3, torment resistance 2, heat
vulnerability 1, in touch with death 1, no potions, faith
a: no special abilities


You were on level 5 of the Dungeon.
You visited 1 branch of the dungeon, and saw 6 of its levels.

You collected 356 gold pieces.
You spent 36 gold pieces at shops.

Inventory:

Hand Weapons
 d - a +0 club
 e - a +0 spear
 g - a +0 rapier (weapon)
 q - a +0 dagger of pain
Missiles
 b - 66 stones
 p - 4 boomerangs
Armour
 a - a +0 robe (worn)
 i - a +0 cloak (worn)
Jewellery
 c - a ring of positive energy
 f - a +6 ring of strength (left hand)
 j - an amulet of magic regeneration (around neck)
Scrolls
 k - a scroll of magic mapping
 l - a scroll of vulnerability
 m - 3 scrolls of torment
 n - a scroll of enchant weapon {unknown}
 o - 3 scrolls of blinking {unknown}
 r - a scroll of immolation {unknown}


   Skills:
 - Level 1.0 Fighting
 - Level 2.0 Dodging
 - Level 1.5 Stealth
 + Level 6.2 Spellcasting
 * Level 7.7 Necromancy
 + Level 2.1 Ice Magic


You had one spell level left.
You knew the following spells:

 Your Spells              Type           Power      Damage    Failure   Level
a - Necrotise             Necr           100%       1d9       1%          1
b - Vampiric Draining     Necr           44%        2d9       1%          3
c - Animate Dead          Necr           44%        N/A       5%          4
d - Ozocubu's Armour      Ice            11%        N/A       17%         3
e - Simulacrum            Ice/Necr       15%        N/A       95%         6

Your spell library contained the following spells:

 Spells                   Type           Power      Damage    Failure   Level
 Slow                     Hex            20%        N/A       14%         1
 Agony                    Necr           44%        N/A       16%         5
 Call Canine Familiar     Summ           5%         N/A       38%         3
 Confusing Touch          Hex            5%         N/A       38%         3
 Portal Projectile        Hex/Tloc       10%        N/A       38%         3
 Leda's Liquefaction      Hex/Erth       2%         N/A       80%         4
 Metabolic Englaciation   Hex/Ice        4%         N/A       94%         5


Dungeon Overview and Level Annotations

Branches:
Dungeon (6/15)
 Temple: D:4-7

Altars:
Vehumet

Shops:
D:5 *

Annotations:
D:5 Grinder, Prince Ribbit


Innate Abilities, Weirdness & Mutations

You are immune to poison.
Your flesh is cold resistant. (rC+)
You are immune to negative energy. (rN+++)
You are immune to unholy pain and torment.
You are vulnerable to heat. (rF-)
You are in touch with the powers of death.
You do not drink.
You have a special connection with the divine. (Faith)


Message History

You feel a surge of power!
You draw life force from Prince Ribbit!
You feel life coursing into your body. The adder bites you.
* * * LOW HITPOINT WARNING * * *
Prince Ribbit barely misses you.
You regained 3 hp, and now have 8/48 hp.
You now have 13/16 mp.
Prince Ribbit lets out a mournful croak.
Prince Ribbit blinks!
The adder bites you.
* * * LOW HITPOINT WARNING * * *
You take 3 damage, and have 5/48 hp.
Casting: Vampiric Draining (safe; 1% risk of failure)
Confirm with . or Enter, or press ? or * to list all spells.
Aiming: Vampiric Draining (safe; 1% risk of failure)
Press: ? - help, Shift-Dir - straight line, f - adder, p - Prince Ribbit
Aim: an adder (heavily wounded)
You feel a surge of power!
You draw life force from the adder!
You kill the adder!
You feel life coursing into your body.
You regained 3 hp, and now have 8/48 hp.
You now have 11/16 mp.
You aren't carrying any items that you can evoke.
Okay, then.
Aiming: Necrotise (safe; 1% risk of failure)
Press: ? - help, Q - select action, (/) - cycle Shift-Dir - straight line, f - Prince Ribbit
Aim: Prince Ribbit (moderately wounded, chance to affect: 70%)
You feel a surge of power!
Prince Ribbit writhes in agony.
You now have 10/16 mp.
Aiming: Necrotise (safe; 1% risk of failure)
Press: ? - help, Q - select action, (/) - cycle Shift-Dir - straight line, f/p - Prince Ribbit
Aim: Prince Ribbit (moderately wounded, chance to affect: 70%)
You feel a surge of power!
Prince Ribbit struggles to resist.
Prince Ribbit barely misses you.
Casting: Necrotise (safe; 1% risk of failure)
Confirm with . or Enter, or press ? or * to list all spells.
Aiming: Vampiric Draining (safe; 1% risk of failure)
Press: ? - help, Shift-Dir - straight line, f/p - Prince Ribbit
Aim: Prince Ribbit (moderately wounded)
You feel a surge of power!
You draw life force from Prince Ribbit!
You feel life coursing into your body. Prince Ribbit hits you!!
You die...

#.#.##
#....#
###....#
#.....?#
+......#
## #.....#
.#
####.....#
.#
.......>F#
.#
########@#
.# #...#
.# #.###
.# #. .# #
.# .# .#
.#


You could see Prince Ribbit.

Vanquished Creatures
  Sigmund (D:3)
  A water moccasin (D:5)
  A black bear (D:5)
  A phantom (D:5)
  2 scorpions
  A jelly (D:5)
  An orc priest (D:5)
  A hound (D:4)
  Jessica (D:2)
  An iguana (D:5)
  An orc wizard (D:4)
  A gnoll (D:1)
  7 adders
  2 worms (D:2)
  10 orcs
  8 endoplasms
  A giant cockroach (D:4)
  15 hobgoblins
  A quokka (D:3)
  4 ball pythons
  3 bats
  7 goblins
  7 kobolds
  6 rats
84 creatures vanquished.

Vanquished Creatures (collateral kills)
  A white imp (D:5)
  A worm (D:2)
  An endoplasm (D:4)
  A goblin (D:2)
  A ball python (D:1)
5 creatures vanquished.

Vanquished Creatures (others)
  A plant (D:1)
1 creature vanquished.

Grand Total: 90 creatures vanquished

Notes
Turn   | Place    | Note
-------+----------+-------------------------------------------
     0 | D:1      | jasper the Mummy Necromancer began the quest for the Orb.
     0 | D:1      | Reached XP level 1. HP: 13/13 MP: 4/4
    17 | D:1      | Found a faded altar of an unknown god.
   237 | D:1      | Reached XP level 2. HP: 17/19 MP: 1/6
   556 | D:1      | Gained mutation: You are in touch with the powers of death.
                  | [Mummy growth]
   556 | D:1      | Reached XP level 3. HP: 24/24 MP: 6/8
   563 | D:1      | Learned a level 3 spell: Vampiric Draining
   742 | D:2      | Noticed Jessica
   747 | D:2      | Killed Jessica
   819 | D:2      | Reached skill level 5 in Necromancy
   819 | D:2      | Reached XP level 4. HP: 29/30 MP: 2/10
   824 | D:2      | Learned a level 4 spell: Animate Dead
  1618 | D:3      | Noticed Sigmund
  1625 | D:3      | Killed Sigmund
  1626 | D:3      | Reached skill level 5 in Spellcasting
  1626 | D:3      | Reached skill level 6 in Necromancy
  1626 | D:3      | Reached XP level 5. HP: 35/35 MP: 7/12
  1626 | D:3      | Reached XP level 6. HP: 41/41 MP: 7/13
  2180 | D:3      | Found a radiant altar of Vehumet.
  2518 | D:4      | Learned a level 3 spell: Ozocubu's Armour
  2775 | D:5      | Entered Level 5 of the Dungeon
  2794 | D:5      | Reached skill level 1 in Fighting
  2948 | D:5      | Reached skill level 1 in Ice Magic
  2948 | D:5      | Reached XP level 7. HP: 43/48 MP: 12/15
  3039 | D:5      | HP: 1/48 [acid (9)]
  3041 | D:5      | Reached skill level 7 in Necromancy
  3225 | D:5      | Found Billed's General Store.
  3295 | D:5      | Learned a level 6 spell: Simulacrum
  3368 | D:5      | Bought a scroll of teleportation for 36 gold pieces
  3432 | D:5      | Noticed Grinder
  3434 | D:5      | Paralysed by Grinder for 2 turns
  3460 | D:5      | Noticed Prince Ribbit
  3463 | D:5      | HP: 1/48 [Prince Ribbit (11)]
  3473 | D:5      | Slain by Prince Ribbit

Illustrated notes

Levels and vault maps discovered:
D:1:      dpeg_arrival_tiny_i, layout_rooms, dreamdust_ecumenical_altar_statues,
          serial_bayou_pond_a
D:2:      layout_rooms, uniq_jessica
D:3:      layout_basic, vehumet_crystals, nicolae_tso_carved_into_rock,
          uniq_sigmund
D:4:      layout_rooms
D:5:      layout_basic, serial_shops, shop, kennysheep_generic_room_8,
          uniq_prince_ribbit1, uniq_grinder, uniq_pikel
D:6:      layout_rooms, nemelex_altar_shiori, marbit_many_paths,
          minmay_temple_entry_overgrown, uniq_maggie, uniq_menkaure

Skill      XL: |  1  2  3  4  5  6  7 |
---------------+----------------------+-----
Spellcasting   | 3 4 5 6 |  6.2
Necromancy     | 5 6 7 |  7.7
Fighting       | 1 |  1.0
Dodging        | 2 |  2.0
Ice Magic      | 1 2 |  2.1
Stealth        | |  1.5

Action                     |  1- 3 |  4- 6 |  7- 9 || total
---------------------------+-------+-------+-------++-------
  Melee: Spear             |     8 |       |       ||     8
         Unarmed           |     1 |       |       ||     1
         Rapier            |       |     7 |    39 ||    46
         Dagger            |       |    12 |       ||    12
         Punch             |       |     1 |     1 ||     2
   Cast: Necrotise         |    51 |   109 |    24 ||   184
         Vampiric Draining |       |     3 |    10 ||    13
         Ozocubu's Armour  |       |       |     1 ||     1
    Use: Scroll            |     1 |     3 |     3 ||     7
   Stab: Sleeping          |       |     1 |       ||     1
 Armour: Robe              |       |     8 |    12 ||    20
  Dodge: Dodged            |    22 |    21 |    37 ||    80

Table legend: (Time is in decaauts)
 A = Elapsed time spent in this place.
 B = Non-inter-level travel time spent in this place.
 C = Inter-level travel time spent in this place.
 D = Time resting spent in this place.
 E = Time spent auto-exploring this place.
 F = Levels seen in this place.
 G = Mean time per level.
                   A        B        C        D        E       F      G
               +--------+--------+--------+--------+--------+-----+--------+
         Total |   3481 |   3399 |     82 |    139 |   2583 |   6 |  580.2 |
       Dungeon |   3481 |   3399 |     82 |    139 |   2583 |   6 |  580.2 |
               +--------+--------+--------+--------+--------+-----+--------+

Top non-repeatable levels by time:
     D:3: 853 daAuts
     D:2: 800 daAuts
     D:1: 743 daAuts
     D:5: 702 daAuts
     D:4: 378 daAuts
     D:6: 2 daAuts
